 Dungeon Crawl Stone Soup version 0.29.1-1-gd02db6906a (webtiles) character file.

Game seed: 1101263330370821150

8 concernfroge the Trooper (level 2, -1/24 HPs)
             Began as a Mummy Monk on Sept 18, 2022.
             Frozen to death by an endoplasm (2 damage)
             ... on level 1 of the Dungeon.
             The game lasted 00:01:35 (105 turns).

concernfroge the Trooper (Mummy Monk)                Turns: 105, Time: 00:01:35

Health: -1/24      AC:  5    Str: 14    XL:     2   Next: 0%
Magic:  2/2        EV: 11    Int:  9    God:
Gold:   14         SH:  0    Dex: 14    Spells: 1/1 levels left

rFire   x . .      SeeInvis .   a - +0 spear
rCold   + . .      Faith    .   (no shield)
rNeg    + + +      Spirit   .   c - +0 ring mail
rPois   ∞          Reflect  .   (no helmet)
rElec   .          Harm     .   (no cloak)
rCorr   .          Rampage  .   (no gloves)
Will    .....                   (no boots)
Stlth   +.........              (no amulet)
HPRegen 0.08/turn               (no ring)
MPRegen 0.08/turn               (no ring)

@: no status effects
A: cold resistance 1, negative energy resistance 3, torment resistance 2, heat
vulnerability 1, no potions
a: no special abilities


You were on level 1 of the Dungeon.
You visited 1 branch of the dungeon, and saw 1 of its levels.

You collected 14 gold pieces.

Inventory:

Hand Weapons
 a - a +0 spear (weapon)
Armour
 c - a +0 ring mail (worn)


   Skills:
 + Level 3.5 Fighting
 - Level 2.4 Polearms
 - Level 2.4 Dodging
 - Level 1.5 Stealth


You had one spell level left.
You didn't know any spells.
Your spell library was empty.

Dungeon Overview and Level Annotations

Branches:
Dungeon (1/15)

Altars:

Shops:
D:1 [


Innate Abilities, Weirdness & Mutations

You are immune to poison.
Your flesh is cold resistant. (rC+)
You are immune to negative energy. (rN+++)
You are immune to unholy pain and torment.
You are vulnerable to heat. (rF-)
You do not drink.


Message History

The hobgoblin closely misses you.
The endoplasm hits you but does no damage.
You hit the hobgoblin.
The hobgoblin is almost dead.
The endoplasm hits you. The hobgoblin hits you.
The hobgoblin hits you but does no damage.
You are too injured to fight recklessly!
You are too injured to fight recklessly!
You are too injured to fight recklessly!
You barely miss the hobgoblin.
The hobgoblin is almost dead.
The hobgoblin hits you.
* * * LOW HITPOINT WARNING * * *
The hobgoblin closely misses you. The endoplasm freezes you.
You are frozen.
You resist.
You hit the hobgoblin.
You kill the hobgoblin!
The endoplasm barely misses you. The hobgoblin hits you.
* * * LOW HITPOINT WARNING * * *
The hobgoblin hits you.
* * * LOW HITPOINT WARNING * * *
You see here a hobgoblin corpse.
You hit the hobgoblin.
The hobgoblin is severely wounded.
The endoplasm completely misses you. The hobgoblin barely misses you.
You hit the hobgoblin.
The hobgoblin is almost dead.
The endoplasm freezes you.
You are frozen.
You resist.
* * * LOW HITPOINT WARNING * * *
The hobgoblin hits you but does no damage.
You hit the hobgoblin.
You kill the hobgoblin!
The endoplasm hits you but does no damage.
You have reached level 2!
You hit the endoplasm but do no damage. The endoplasm freezes you.
You are frozen.
You resist.
You die...

.. .......... . .
........... .. .
#.......... #####
...#.#.......... #^#^#
.....#.[......# #######
#..........##+##Z#....
#...J..###...###.###
####..@...#Z#.>.....#Z#
...........###...#######
..!........####'##Z#Z#
##.....##.....#.######
......# ###.##..# ...(..
#..#.## ..∩... ##...#
..###........###
#####.##


You could see an endoplasm.

Vanquished Creatures
  2 endoplasms (D:1)
  3 hobgoblins (D:1)
  A quokka (D:1)
6 creatures vanquished.

Notes
Turn   | Place    | Note
-------+----------+-------------------------------------------
     0 | D:1      | concernfroge the Mummy Monk began the quest for the Orb.
     0 | D:1      | Reached XP level 1. HP: 18/18 MP: 1/1
    87 | D:1      | Found Wiyruots's Antique Armour Shoppe.
   105 | D:1      | Reached XP level 2. HP: 1/24 MP: 2/2
   105 | D:1      | Frozen to death by an endoplasm

Illustrated notes

Levels and vault maps discovered:
D:1:      shiori_arrival_whats_in_store_for_you, layout_rooms, serial_shops,
          shop, ebering_ecumenical_altar_abandoned, minmay_small_reverse_x

Action                   || total
-------------------------++-------
Melee: Spear             ||    31
       Punch             ||     1
Armor: Ring mail         ||    12
Dodge: Dodged            ||    17
